| TOP OF THE 1ST |
|
Detroit Tigers batting - Pitching for Oakland Athletics : LHP Gerald Tyler
|
|
Pitching: LHP Gerald Tyler
|
|
|
Batting: RHB Tack Wilson
|
0-0: Called Strike 0-1: Fly out, F8 (Flyball, 8RD, EV 108.8 MPH)
|
|
Batting: LHB Larry Harlow
|
0-0: Ball 1-0: Foul Ball, location: 2F 1-1: Fly out, F5 (Popup, 5SF, EV 69.4 MPH)
|
|
Batting: SHB Tony Phillips
|
0-0: Ball 1-0: Called Strike 1-1: Ball 2-1: Called Strike 2-2: Ball 3-2: Base on Balls
|
|
Batting: RHB Dave Kingman
|
0-0: Called Strike 0-1: Ball 1-1: 2-RUN HOME RUN (Line Drive, 89XD, EV 100.0 MPH), Distance : 443 ft
|
|
Batting: RHB Andre Thornton
|
0-0: SINGLE (Line Drive, 8LS, EV 91.9 MPH)
|
|
Batting: RHB Rusty Kuntz
|
0-0: Ball 1-0: Called Strike 1-1: Ball 2-1: Ball 3-1: Foul Ball, location: 2F 3-2: Foul Ball, location: 2F 3-2: Foul Ball, location: 2F 3-2: SINGLE (Groundball, 6MD, EV 101.3 MPH) Andre Thornton to second Andre Thornton to third
|
|
Batting: RHB Larry Parrish
|
0-0: Ball 1-0: Foul Ball, location: 2F 1-1: Ball 2-1: Ground out 4-3 (Groundball, 4, EV 81.9 MPH)
|
| Top of the 1st over - 2 runs, 3 hits, 0 errors, 2 left on base; Detroit 2 - Oakland 0 |
| BOTTOM OF THE 1ST |
|
Oakland Athletics batting - Pitching for Detroit Tigers : LHP Dave McNally
|
|
Pitching: LHP Dave McNally
|
|
|
Batting: RHB Barry Evans
|
0-0: Ball 1-0: Ball 2-0: Ball 3-0: Base on Balls
|
|
Batting: LHB Ruppert Jones
|
0-0: Called Strike 0-1: Ball 1-1: Ball 2-1: Foul Ball, location: 2F 2-2: Ball 3-2: Fly out, F8 (Flyball, 8RXD, EV 90.0 MPH)
|
|
Batting: RHB Dave Henderson
|
0-0: Called Strike 0-1: Swinging Strike 0-2: Ball 1-2: Strikes out swinging Barry Evans steals 2nd base Batter strikes out.
|
|
Batting: LHB Reggie Jackson
|
0-0: Called Strike 0-1: Ball 1-1: SINGLE (Groundball, 34S, EV 71.3 MPH) (infield hit) Barry Evans to third
|
|
Batting: LHB Ben Oglivie
|
0-0: Ball 1-0: Foul Ball, location: 2F 1-1: SINGLE (Groundball, 34D, EV 110.0 MPH) Barry Evans scores Reggie Jackson to second Runner from 2nd tries for 3rd, SAFE, throw by RF made to third
|
|
Pinch Runner at 3rd John Scott:
|
|
|
Batting: RHB Earl C Williams
|
0-0: Fly out, F8 (Line Drive, 8RM, EV 100.0 MPH)
|
| Bottom of the 1st over - 1 run, 2 hits, 0 errors, 2 left on base; Detroit 2 - Oakland 1 |
| TOP OF THE 2ND |
|
Detroit Tigers batting - Pitching for Oakland Athletics : LHP Gerald Tyler
|
|
Batting: RHB Mike Sproles
|
0-0: Ball 1-0: Ground out U3 (Groundball, 34, EV 89.4 MPH)
|
|
Batting: LHB Dan Graham
|
0-0: Foul Ball, location: 2F 0-1: Foul Ball, location: 2F 0-2: Foul Ball, location: 2F 0-2: Foul Ball, location: 2F 0-2: Foul Ball, location: 2F 0-2: Strikes out swinging
|
|
Batting: RHB Tack Wilson
|
0-0: Foul Ball, location: 2F 0-1: Ball 1-1: Ball 2-1: Ball 3-1: Base on Balls
|
|
Batting: LHB Larry Harlow
|
0-0: Called Strike 0-1: Ball 1-1: Ball 2-1: Ball 3-1: Foul Ball, location: 2F 3-2: SINGLE (Groundball, 34S, EV 85.0 MPH) (infield hit) Tack Wilson to second
|
|
Batting: SHB Tony Phillips
|
0-0: Called Strike 0-1: Foul Ball, location: 2F 0-2: Ball 1-2: Ball 2-2: Foul Ball, location: 2F 2-2: Ball 3-2: DOUBLE (Line Drive, 89XD, EV 103.1 MPH) Tack Wilson scores Larry Harlow to third Larry Harlow scores
|
|
Batting: RHB Dave Kingman
|
0-0: Ball 1-0: Fly out, F9 (Flyball, 9, EV 93.1 MPH)
|
| Top of the 2nd over - 2 runs, 2 hits, 0 errors, 1 left on base; Detroit 4 - Oakland 1 |
| BOTTOM OF THE 2ND |
|
Oakland Athletics batting - Pitching for Detroit Tigers : LHP Dave McNally
|
|
Batting: RHB Willie Darkis
|
0-0: Called Strike 0-1: Fly out, F7 (Flyball, 78M, EV 78.1 MPH)
|
|
Batting: RHB Fred Andrews
|
0-0: Called Strike 0-1: SINGLE (Groundball, 34D, EV 102.5 MPH)
|
|
Batting: SHB Chico Walker
|
0-0: Called Strike 0-1: Grounds into double play, 5-4-3 (Groundball, 5S, EV 80.0 MPH)
|
| Bottom of the 2nd over - 0 runs, 1 hit, 0 errors, 0 left on base; Detroit 4 - Oakland 1 |
| TOP OF THE 3RD |
|
Detroit Tigers batting - Pitching for Oakland Athletics : LHP Gerald Tyler
|
|
Batting: RHB Andre Thornton
|
0-0: Ball 1-0: SOLO HOME RUN (Flyball, 78XD, EV 99.4 MPH), Distance : 415 ft
|
|
Batting: RHB Rusty Kuntz
|
0-0: Called Strike 0-1: Foul Ball, location: 2F 0-2: Ball 1-2: Foul Ball, location: 2F 1-2: Strikes out swinging
|
|
Batting: RHB Larry Parrish
|
0-0: Called Strike 0-1: Ball 1-1: Ground out 6-3 (Groundball, 6, EV 106.9 MPH)
|
|
Batting: RHB Mike Sproles
|
0-0: Ball 1-0: Ball 2-0: Ball 3-0: Called Strike 3-1: Base on Balls
|
|
Batting: LHB Dan Graham
|
0-0: Called Strike 0-1: Ball 1-1: Called Strike 1-2: Strikes out swinging
|
| Top of the 3rd over - 1 run, 1 hit, 0 errors, 1 left on base; Detroit 5 - Oakland 1 |
| BOTTOM OF THE 3RD |
|
Oakland Athletics batting - Pitching for Detroit Tigers : LHP Dave McNally
|
|
Batting: RHB Barry Evans
|
0-0: Called Strike 0-1: Foul Ball, location: 2F 0-2: Ball 1-2: Ball 2-2: SINGLE (Line Drive, 4M, EV 101.3 MPH)
|
|
Batting: LHB Ruppert Jones
|
0-0: Ball 1-0: Foul Ball, location: 2F 1-1: Ball 2-1: Called Strike 2-2: Ball 3-2: Fly out, F8 (Line Drive, 8RM, EV 88.8 MPH)
|
|
Batting: RHB Dave Henderson
|
0-0: Ball 1-0: Ball 2-0: Called Strike 2-1: Fielders Choice at 2nd, 5-4 (Groundball, 56, EV 98.8 MPH)
|
|
Batting: RHB John Scott
|
0-0: Foul Ball, location: 2F 0-1: Ball 1-1: Ball 2-1: SINGLE (Line Drive, 8LS, EV 92.5 MPH) Dave Henderson to second Runner from 2nd tries for 3rd, OUT after rundown.
|
| Bottom of the 3rd over - 0 runs, 2 hits, 0 errors, 1 left on base; Detroit 5 - Oakland 1 |
| TOP OF THE 4TH |
|
Detroit Tigers batting - Pitching for Oakland Athletics : LHP Gerald Tyler
|
|
Batting: RHB Tack Wilson
|
0-0: Ball 1-0: Foul Ball, location: 2F 1-1: Foul Ball, location: 2F 1-2: Ball 2-2: Ball 3-2: Base on Balls
|
|
Batting: LHB Larry Harlow
|
0-0: Called Strike 0-1: Foul Ball, location: 2F 0-2: Fielders Choice at 2nd, 6-4 (Groundball, 6, EV 85.0 MPH)
|
|
Batting: SHB Tony Phillips
|
0-0: Called Strike 0-1: Ball 1-1: Swinging Strike 1-2: Ball 2-2: Ball 3-2: Foul Ball, location: 2F 3-2: Fly out, F4 (Line Drive, 4, EV 68.8 MPH)
|
|
Batting: RHB Dave Kingman
|
0-0: Ball 1-0: Called Strike 1-1: Foul Ball, location: 2F 1-2: Foul Ball, location: 2F 1-2: Foul Ball, location: 2F 1-2: Ball 2-2: Strikes out looking
|
| Top of the 4th over - 0 runs, 0 hits, 0 errors, 1 left on base; Detroit 5 - Oakland 1 |
| BOTTOM OF THE 4TH |
|
Oakland Athletics batting - Pitching for Detroit Tigers : LHP Dave McNally
|
|
Batting: LHB Ben Oglivie
|
0-0: Called Strike 0-1: Foul Ball, location: 2F 0-2: Fly out, F6 (Popup, 6M, EV 76.9 MPH)
|
|
Batting: RHB Earl C Williams
|
0-0: Ground out 4-3 (Groundball, 6MS, EV 82.5 MPH)
|
|
Batting: RHB Willie Darkis
|
0-0: SINGLE (Groundball, 4MD, EV 109.4 MPH)
|
|
Batting: RHB Fred Andrews
|
0-0: Ball 1-0: Foul Ball, location: 2F 1-1: Ball 2-1: Foul Ball, location: 2F 2-2: Ground out 5-3 (Groundball, 56S, EV 88.8 MPH)
|
| Bottom of the 4th over - 0 runs, 1 hit, 0 errors, 1 left on base; Detroit 5 - Oakland 1 |
| TOP OF THE 5TH |
|
Detroit Tigers batting - Pitching for Oakland Athletics : LHP Gerald Tyler
|
|
Batting: RHB Andre Thornton
|
0-0: Called Strike 0-1: Fly out, F8 (Line Drive, 8LD, EV 103.1 MPH)
|
|
Batting: RHB Rusty Kuntz
|
0-0: Called Strike 0-1: Foul Ball, location: 2F 0-2: Fly out, F2 (Popup, 23F, EV 93.1 MPH)
|
|
Batting: RHB Larry Parrish
|
0-0: SINGLE (Groundball, 23, EV 83.1 MPH) (infield hit)
|
|
Batting: RHB Mike Sproles
|
0-0: Called Strike 0-1: Foul Ball, location: 2F 0-2: Ball Larry Parrish steals 2nd base 1-2: Ball 2-2: Foul Ball, location: 2F 2-2: Fly out, F8 (Flyball, 8LM, EV 96.9 MPH)
|
| Top of the 5th over - 0 runs, 1 hit, 0 errors, 1 left on base; Detroit 5 - Oakland 1 |
| BOTTOM OF THE 5TH |
|
Oakland Athletics batting - Pitching for Detroit Tigers : LHP Dave McNally
|
|
Batting: SHB Chico Walker
|
0-0: Called Strike 0-1: Ball 1-1: Called Strike 1-2: Ball 2-2: Foul Ball, location: 2F 2-2: Strikes out swinging
|
|
Batting: RHB Barry Evans
|
0-0: Foul Ball, location: 2F 0-1: SINGLE (Groundball, 5S, EV 73.1 MPH) (infield hit)
|
|
Batting: LHB Ruppert Jones
|
0-0: Fly out, F6 (Popup, 6D, EV 64.4 MPH)
|
|
Batting: RHB Dave Henderson
|
0-0: Called Strike 0-1: Called Strike 0-2: Strikes out swinging
|
| Bottom of the 5th over - 0 runs, 1 hit, 0 errors, 1 left on base; Detroit 5 - Oakland 1 |
| TOP OF THE 6TH |
|
Detroit Tigers batting - Pitching for Oakland Athletics : LHP Gerald Tyler
|
|
Batting: LHB Dan Graham
|
0-0: Foul Ball, location: 2F 0-1: SOLO HOME RUN (Line Drive, 9LD, EV 100.0 MPH), Distance : 353 ft
|
|
Pitching: RHP Neil Allen
|
|
|
Batting: RHB Tack Wilson
|
0-0: Ball 1-0: Foul Ball, location: 2F 1-1: Ball 2-1: Foul Ball, location: 2F 2-2: Strikes out looking
|
|
Batting: LHB Larry Harlow
|
0-0: Called Strike 0-1: Ball 1-1: Foul Ball, location: 2F 1-2: Strikes out swinging
|
|
Batting: SHB Tony Phillips
|
0-0: Called Strike 0-1: Ball 1-1: Foul Ball, location: 2F 1-2: Foul Ball, location: 2F 1-2: SINGLE (Groundball, 56D, EV 105.0 MPH)
|
|
Batting: RHB Dave Kingman
|
0-0: Ball 1-0: Called Strike 1-1: Called Strike 1-2: Ball 2-2: Ball Tony Phillips steals 2nd base 3-2: Base on Balls
|
|
Batting: RHB Andre Thornton
|
0-0: Called Strike 0-1: Called Strike 0-2: Ball 1-2: Ball 2-2: Fly out, F8 (Flyball, 8RD, EV 85.0 MPH)
|
| Top of the 6th over - 1 run, 2 hits, 0 errors, 2 left on base; Detroit 6 - Oakland 1 |
| BOTTOM OF THE 6TH |
|
Oakland Athletics batting - Pitching for Detroit Tigers : LHP Dave McNally
|
|
Batting: RHB John Scott
|
0-0: Ball 1-0: Called Strike 1-1: Fly out, F7 (Flyball, 78M, EV 83.1 MPH)
|
|
Batting: LHB Ben Oglivie
|
0-0: Ball 1-0: Fly out, F8 (Flyball, 8RXD, EV 98.8 MPH)
|
|
Batting: RHB Earl C Williams
|
0-0: Called Strike 0-1: Swinging Strike 0-2: DOUBLE (Line Drive, 89D, EV 106.3 MPH)
|
|
Batting: RHB Willie Darkis
|
0-0: Called Strike 0-1: Fly out, F8 (Flyball, 8RD, EV 93.1 MPH)
|
| Bottom of the 6th over - 0 runs, 1 hit, 0 errors, 1 left on base; Detroit 6 - Oakland 1 |
| TOP OF THE 7TH |
|
Detroit Tigers batting - Pitching for Oakland Athletics : RHP Neil Allen
|
|
Batting: RHB Rusty Kuntz
|
0-0: Ground out 4-3 (Groundball, 4, EV 104.4 MPH)
|
|
Batting: RHB Larry Parrish
|
0-0: Ball 1-0: Called Strike 1-1: Foul Ball, location: 2F 1-2: Foul Ball, location: 2F 1-2: Foul Ball, location: 2F 1-2: Foul Ball, location: 2F 1-2: Ball 2-2: Ball 3-2: Foul Ball, location: 2F 3-2: Strikes out swinging
|
|
Batting: RHB Mike Sproles
|
0-0: Ground out 5-3 (Groundball, 25, EV 85.0 MPH)
|
| Top of the 7th over - 0 runs, 0 hits, 0 errors, 0 left on base; Detroit 6 - Oakland 1 |
| BOTTOM OF THE 7TH |
|
Oakland Athletics batting - Pitching for Detroit Tigers : LHP Dave McNally
|
|
Batting: RHB Fred Andrews
|
0-0: Ball 1-0: Called Strike 1-1: Foul Ball, location: 2F 1-2: Fly out, F9 (Flyball, 9LM, EV 101.3 MPH)
|
|
Batting: SHB Chico Walker
|
0-0: Fly out, F8 (Flyball, 8LXD, EV 76.9 MPH)
|
|
Batting: RHB Barry Evans
|
0-0: Ball 1-0: SOLO HOME RUN (Flyball, 78XD, EV 94.4 MPH), Distance : 407 ft
|
|
Batting: LHB Ruppert Jones
|
0-0: Ball 1-0: Ball 2-0: Fly out, F8 (Flyball, 8RM, EV 83.1 MPH)
|
| Bottom of the 7th over - 1 run, 1 hit, 0 errors, 0 left on base; Detroit 6 - Oakland 2 |
| TOP OF THE 8TH |
|
Detroit Tigers batting - Pitching for Oakland Athletics : RHP Neil Allen
|
|
Batting: LHB Dan Graham
|
0-0: Called Strike 0-1: Ball 1-1: Foul Ball, location: 2F 1-2: SINGLE (Groundball, 4MD, EV 96.3 MPH)
|
|
Batting: RHB Tack Wilson
|
0-0: Ball 1-0: Bunt missed! 1-1: Bunted foul 1-2: Ball 2-2: Ball 3-2: Base on Balls Dan Graham to second
|
|
Batting: LHB Larry Harlow
|
0-0: Called Strike 0-1: Ball 1-1: SINGLE (Flyball, 3D, EV 93.8 MPH) Dan Graham to third Tack Wilson to second
|
|
Batting: SHB Tony Phillips
|
0-0: Called Strike 0-1: Foul Ball, location: 2F 0-2: Ball 1-2: Ball 2-2: Ball 3-2: Fielders Choice at 2nd, 6-4 (Groundball, 6M, EV 78.8 MPH) Dan Graham scores Tack Wilson to third
|
|
Batting: RHB Dave Kingman
|
0-0: Ball Tony Phillips steals 2nd base (no throw) 1-0: Called Strike 1-1: Foul Ball, location: 2F 1-2: Foul Ball, location: 2F 1-2: Foul Ball, location: 2F 1-2: Strikes out looking
|
|
Pitching: LHP Bob Falcon
|
|
|
Batting: RHB Andre Thornton
|
0-0: Called Strike 0-1: Ball 1-1: SINGLE (Flyball, 3D, EV 91.9 MPH) Tack Wilson scores Tony Phillips to third Runner from 3rd tries for Home, SAFE, throw by RF to home Andre Thornton to second
|
|
Batting: RHB Rusty Kuntz
|
0-0: Ball 1-0: Foul Ball, location: 2F 1-1: Swinging Strike 1-2: Strikes out swinging
|
| Top of the 8th over - 3 runs, 3 hits, 0 errors, 1 left on base; Detroit 9 - Oakland 2 |
| BOTTOM OF THE 8TH |
|
Oakland Athletics batting - Pitching for Detroit Tigers : LHP Dave McNally
|
|
Batting: RHB Dave Henderson
|
0-0: Called Strike 0-1: Ball 1-1: Ball 2-1: Foul Ball, location: 2F 2-2: DOUBLE (Line Drive, 89D, EV 111.3 MPH)
|
|
Batting: RHB John Scott
|
0-0: Called Strike 0-1: SINGLE (Groundball, 34D, EV 106.3 MPH) Dave Henderson to third Runner from 3rd tries for Home, SAFE, throw by RF to home
|
|
Batting: LHB Ben Oglivie
|
0-0: Ball 1-0: Ball 2-0: Foul Ball, location: 2F 2-1: SINGLE (Groundball, 34D, EV 100.6 MPH) John Scott to second Runner from 2nd tries for 3rd, SAFE, throw by RF made to third
|
|
Batting: RHB Earl C Williams
|
0-0: 3-RUN HOME RUN (Flyball, 89XD, EV 101.9 MPH), Distance : 424 ft
|
|
Pitching: RHP J R Richard
|
|
|
Batting: RHB Willie Darkis
|
0-0: Swinging Strike 0-1: Swinging Strike 0-2: Foul Ball, location: 2F 0-2: Strikes out swinging
|
|
Batting: RHB Fred Andrews
|
0-0: DOUBLE (Line Drive, 78D, EV 110.6 MPH)
|
|
Batting: SHB Chico Walker
|
0-0: Foul Ball, location: 2F 0-1: SINGLE (Line Drive, 9LM, EV 106.9 MPH) Fred Andrews to third Runner from 3rd tries for Home, SAFE, throw by RF to home
|
|
Batting: RHB Barry Evans
|
0-0: Fly out, F9 (Flyball, 9D, EV 87.5 MPH) Runner from 1st tags up, SAFE at 2nd
|
|
Batting: LHB Ruppert Jones
|
0-0: Ball 1-0: Called Strike 1-1: Foul Ball, location: 2F 1-2: Ball 2-2: Fly out, F7 (Flyball, 7, EV 86.3 MPH)
|
| Bottom of the 8th over - 5 runs, 6 hits, 0 errors, 1 left on base; Detroit 9 - Oakland 7 |
| TOP OF THE 9TH |
|
Detroit Tigers batting - Pitching for Oakland Athletics : LHP Bob Falcon
|
|
Batting: RHB Larry Parrish
|
0-0: Ball 1-0: Ball 2-0: Foul Ball, location: 2F 2-1: Foul Ball, location: 2F 2-2: Ball 3-2: Base on Balls
|
|
Batting: RHB Mike Sproles
|
0-0: Bunt missed! 0-1: Ball 1-1: Bunted foul 1-2: Ball 2-2: SINGLE (Groundball, 56S, EV 66.3 MPH) (infield hit) Larry Parrish to second
|
|
Batting: LHB Dan Graham
|
0-0: Foul Ball, location: 2F 0-1: Foul Ball, location: 2F 0-2: Ball 1-2: Foul Ball, location: 2F 1-2: Fly out, F4 (Popup, 34S, EV 70.6 MPH)
|
|
Batting: RHB Tack Wilson
|
0-0: Ball 1-0: Swinging Strike 1-1: Swinging Strike 1-2: Foul Ball, location: 2F 1-2: Strikes out swinging
|
|
Batting: LHB Larry Harlow
|
0-0: Foul Ball, location: 2F 0-1: Swinging Strike 0-2: Ball 1-2: Strikes out swinging
|
| Top of the 9th over - 0 runs, 1 hit, 0 errors, 2 left on base; Detroit 9 - Oakland 7 |
| BOTTOM OF THE 9TH |
|
Oakland Athletics batting - Pitching for Detroit Tigers : RHP J R Richard
|
|
Now in LF: Rusty Tillman
|
|
|
Batting: RHB Dave Henderson
|
0-0: Ball 1-0: Foul Ball, location: 2F 1-1: Fly out, F4 (Popup, 4MD, EV 58.1 MPH)
|
|
Batting: RHB John Scott
|
0-0: Ball 1-0: Ball 2-0: Ball 3-0: Called Strike 3-1: Foul Ball, location: 2F 3-2: Foul Ball, location: 2F 3-2: Fly out, F7 (Line Drive, 7, EV 85.0 MPH)
|
|
Batting: LHB Ben Oglivie
|
0-0: Ball 1-0: Foul Ball, location: 2F 1-1: Foul Ball, location: 2F 1-2: Ball 2-2: Ball 3-2: Fly out, F8 (Flyball, 8RS, EV 88.8 MPH)
|
| Bottom of the 9th over - 0 runs, 0 hits, 0 errors, 0 left on base; Detroit 9 - Oakland 7 |
|